 Dungeon Crawl Stone Soup version 0.28.0-45-g0d030f2227 (webtiles) character file.

Game seed: 7290946450935242468

32 nickcage the Conjurer (level 3, 0/19 HPs)
             Began as a Deep Elf Conjurer on Apr 4, 2022.
             Slain by a goblin
             ... wielding a +2 dagger of holy wrath
             ... led by Robin
              (1 damage)
             ... on level 1 of the Dungeon.
             The game lasted 00:02:46 (1170 turns).

nickcage the Conjurer (Deep Elf Conjurer)           Turns: 1170, Time: 00:02:47

Health: 0/19       AC:  2    Str:  4    XL:     3   Next: 8%
Magic:  9/9        EV: 12    Int: 24    God:
Gold:   110        SH:  0    Dex: 13    Spells: 5/8 levels left

rFire   . . .      SeeInvis .   d - +0 short sword
rCold   . . .      Faith    .   (no shield)
rNeg    . . .      Spirit   .   a - +0 robe
rPois   .          Reflect  .   (no helmet)
rElec   .          Harm     .   (no cloak)
rCorr   .          Rampage  .   (no gloves)
Will    .....                   (no boots)
Stlth   ++........              (no amulet)
HPRegen 0.06/turn               (no ring)
MPRegen 0.11/turn               (no ring)

@: no status effects
A: no striking features
a: no special abilities


You were on level 1 of the Dungeon.
You visited 1 branch of the dungeon, and saw 2 of its levels.

You collected 110 gold pieces.

Inventory:

Hand Weapons
 d - a +0 short sword (weapon)
Armour
 a - a +0 robe (worn)
Scrolls
 e - 2 scrolls of identify {unknown}
 f - a scroll of teleportation {unknown}
 h - a scroll of vulnerability {unknown}
Potions
 b - 2 potions of berserk rage {unknown}
 c - a potion of magic {unknown}
 g - a potion of invisibility {unknown}


   Skills:
 - Level 2.4 Dodging
 - Level 2.4 Stealth
 - Level 3.0 Spellcasting
 + Level 5.5 Conjurations


You had 5 spell levels left.
You knew the following spells:

 Your Spells              Type           Power      Damage    Failure   Level
a - Magic Dart            Conj           100%       1d8       1%          1
b - Searing Ray           Conj           60%        2d6       1%          2

Your spell library contained the following spells:

 Spells                   Type           Power      Damage    Failure   Level
 Dazzling Flash           Conj/Hex       32%        N/A       11%         3
 Fulminant Prism          Conj/Hex       8%         3d7       34%         4
 Iskenderun's Mystic Bla  Conj/Tloc      16%        2d5       34%         4
 Fireball                 Conj/Fire      8%         3d6       67%         5
 Starburst                Conj/Fire      8%         6d4       99%         6
 Ignition                 Fire           1%         3d3       100%        8


Dungeon Overview and Level Annotations

Branches:
Dungeon (2/15)

Altars:

Annotations:
D:1 Robin


Message History

There is an open door here.
You see here a ball python corpse.
There is a faded altar of an unknown god here.
You open the door.
There is an open door here.
You see here a +0 club.
Found a mace.
You see here a +0 mace.
Done exploring.
(D) Dungeon
Where to? (? - help)
You see here a +0 mace.
There is an open door here.
There is a stone staircase leading down here.
You climb downwards.
The hobgoblin shouts!
Robin shouts!
The goblin shouts! x3; You hear a shout!
The hobgoblin shouts!
The goblin shouts!
There is a stone staircase leading up here.
There are monsters nearby!
Level annotation: Robin Welcome back, nickcage the Deep Elf Conjurer.
Press ? for a list of commands and other information.
Robin hits you with a +0 whip. The hobgoblin barely misses you.
The goblin hits you with a +2 dagger of holy wrath.
You climb upwards.
There is a stone staircase leading down here.
Robin throws the goblin at you!
The goblin hits you with a +2 dagger of holy wrath.
You miss the goblin. The hobgoblin hits you.
The goblin hits you with a +2 dagger of holy wrath.
Robin roars a battlecry!
The goblins go into a battle-frenzy!
You closely miss the goblin. The hobgoblin barely misses you.
The goblin barely misses you.
The goblin hits you with a +2 dagger of holy wrath.
* * * LOW HITPOINT WARNING * * *
Robin throws the goblin at you!
* * * LOW HITPOINT WARNING * * *
The goblin hits you with a +2 dagger of holy wrath.
You die...

#........#####
#............#
#.##########.# #.#
########.####### ######.#
#..............# ....##.#
#..............#
###..#.###..............#
####.#...'......g....)..#
#.(...####.....g@.......#
#.###)####..............#
.........#....g.........#
.###.###.#..............#
.#.....#.#..............#
.##.#.##...>######.######
.#.....#.##.######.#
.#######.##........#
.........##.########


You could see Robin, a hobgoblin (strong) and a goblin (strong).

Vanquished Creatures
  A dart slug (D:1)
  3 ball pythons (D:1)
  2 bats (D:1)
  An endoplasm (D:1)
  2 giant cockroaches (D:1)
  4 goblins (D:1)
  5 hobgoblins (D:1)
  A kobold (D:1)
  3 quokkas (D:1)
  2 frilled lizards (D:1)
  2 rats (D:1)
26 creatures vanquished.

Notes
Turn   | Place    | Note
-------+----------+-------------------------------------------
     0 | D:1      | nickcage the Deep Elf Conjurer began the quest for the Orb.
     0 | D:1      | Reached XP level 1. HP: 10/10 MP: 6/6
   189 | D:1      | Reached XP level 2. HP: 15/15 MP: 6/8
   213 | D:1      | Reached skill level 5 in Conjurations
   468 | D:1      | Learned a level 2 spell: Searing Ray
   892 | D:1      | Reached XP level 3. HP: 19/19 MP: 4/9
  1054 | D:1      | Found a faded altar of an unknown god.
  1161 | D:2      | Noticed Robin
  1170 | D:1      | Slain by a goblin

Illustrated notes

Levels and vault maps discovered:
D:1:      minmay_arrival_open_corners, layout_basic,
          dreamdust_ecumenical_altar_angels_and_demons, minmay_split_cup_large
D:2:      layout_loops_ring, lightli_corner_chamber, uniq_natasha,
          uniq_crazy_yiuf_cottage, uniq_robin

Skill      XL: |  1  2 |
---------------+-------+-----
Conjurations   | 5 |  5.5
Dodging        | |  2.4
Stealth        | |  2.4
Spellcasting   | |  3.0

Action                   || total
-------------------------++-------
Melee: Short sword       ||     3
 Cast: Magic Dart        ||    50
Dodge: Dodged            ||     7
